 Dungeon Crawl Stone Soup version 0.22.1-1-ga44c0e5 (webtiles) character file.

790 suicidejoker the Skirmisher (level 7, -4/56 HPs)
             Began as a Demonspawn Fighter on Nov 4, 2018.
             Was a Priest of Cheibriados.
             Killed by nerve-wracking pain
             ... invoked by an orc priest
              (11 damage)
             ... on level 5 of the Dungeon.
             The game lasted 00:13:49 (3810 turns).

suicidejoker the Skirmisher (Demonspawn Fighter)    Turns: 3810, Time: 00:13:50

Health: -4/56      AC: 10    Str: 29    XL:     7   Next: 57%
Magic:  8/9        EV: 15    Int: 16    God:    Cheibriados [***...]
Gold:   217        SH: 12    Dex: 26    Spells: 6/6 levels left

rFire    + . .     SeeInvis .   a - +0 war axe
rCold    x . .     Gourm    .   c - +0 shield
rNeg     . . .     Faith    .   b - +0 scale mail
rPois    .         Spirit   .   (no helmet)
rElec    .         Reflect  .   F - +1 cloak
rCorr    .         Harm     .   D - +0 pair of gloves
MR       .....                  (no boots)
Stlth    +++++.....             (no amulet)
HPRegen  0.18/turn              j - ring of fire
MPRegen  0.11/turn              B - ring of stealth

@: mighty, agile, very slow
A: claws 1, nightstalker 2, powered by pain 1
a: Bend Time, Temporal Distortion, Renounce Religion


You were on level 5 of the Dungeon.
You worshipped Cheibriados.
Cheibriados was most pleased with you.
You were not hungry.

You visited 1 branch of the dungeon, and saw 5 of its levels.

You collected 217 gold pieces.

Inventory:

Hand Weapons
 a - a +0 war axe (weapon)
 u - a +2 vampiric dagger
 v - a +6 dagger
Armour
 b - a +0 scale mail (worn)
 c - a +0 shield (worn)
 d - a +1 ring mail of poison resistance
 e - a +2 robe of cold resistance
 p - a +3 leather armour of cold resistance
 y - a cursed -1 robe
 D - a +0 pair of gloves (worn)
 F - a +1 cloak (worn)
Jewellery
 j - a ring of fire (left hand)
 B - a ring of stealth (right hand)
Wands
 C - a wand of flame (41)
Scrolls
 k - 3 scrolls of fear
 l - 2 scrolls of remove curse {unknown}
 r - 6 scrolls of identify {unknown}
 t - 2 scrolls of teleportation
 x - a scroll of random uselessness {unknown}
 E - a scroll of amnesia {unknown}
Potions
 g - a potion of agility {unknown}
 h - a potion of brilliance
 i - a potion of resistance {unknown}
 m - 2 potions of heal wounds {unknown}
 o - 3 potions of degeneration {unknown}
 s - 2 potions of flight {unknown}
 w - a potion of berserk rage {unknown}
 z - a potion of might
Comestibles
 f - 9 rations


   Skills:
 * Level 5.5 Fighting
 + Level 3.3 Axes
 + Level 3.9 Armour
 + Level 2.7 Dodging
 + Level 0.8 Stealth
 + Level 4.0 Shields
 * Level 2.7 Invocations
 + Level 0.8 Evocations


You had 6 spell levels left.
You didn't know any spells.
Your spell library contained the following spells:

 Spells                   Type           Power        Failure   Level  Hunger
 Sandblast                Erth           #.....       91%         1    ##.....
 Passwall                 Tmut/Erth      #.......     97%         2    ###....
 Stone Arrow              Conj/Erth      #.....       100%        3    ####...
 Petrify                  Tmut/Erth      #.......     100%        4    #####..
 Lee's Rapid Deconstruct  Erth           #.........   100%        5    ######.


Dungeon Overview and Level Annotations

Branches:
Dungeon (5/15)
 Temple: D:4-7

Altars:
Cheibriados
Elyvilon
Fedhas
Hepliaklqana
Trog

Annotations:
D:3 3 runed doors, Epollo79's ghost, amateur SpAM; Tumalu's ghost, amateur CeHu; clovenhoof's ghost, amateur DrWn; clovenhoof's ghost, amateur MfSk; doricub5's ghost, amateur FoFi


Innate Abilities, Weirdness & Mutations

You have sharp fingernails.
You are significantly more attuned to the shadows.
You sometimes gain a little power by taking damage.


Message History

The orc priest is lightly wounded.
You slash the orc wizard!
You kill the orc wizard!
Cheibriados appreciates the change of pace.
You slash the orc!
You kill the orc!
Cheibriados appreciates the change of pace.
You block the orc priest's attack.
The orc priest mumbles some strange prayers to Beogh against you.
You struggle to resist.
You barely miss the orc priest.
The orc priest is lightly wounded.
The orc priest hits you with a war axe.
* * * LOW HITPOINT WARNING * * *
Unknown command.
You slash the orc priest!
The orc priest is severely wounded.
The orc priest invokes the aid of Beogh against you.
Pain shoots through your body!
You die...

#..###..##.....#.##
#.## ##...........####
##### #.#
##........#....###...##
..
##.......####...>....#
#.....................
#........####...>.....
#........# ###.......
......(...## ##......#
#....)@[.... ........#
.#..))o.... ##.......
##.....##. #.......
.......# ###.......
##....... .........#
#.......# ###..).##
###.... #..(. #......(


You could see an orc priest.

Vanquished Creatures
  An ogre (D:4)
  3 centaurs (D:5)
  A scorpion (D:4)
  2 orc priests (D:5)
  4 orc wizards
  An iguana (D:4)
  2 worker ants (D:4)
  Terence (D:3)
  5 adders
  An ooze (D:4)
  An adder skeleton (D:4)
  5 worms
  2 dart slugs
  2 leopard geckos
  17 orcs
  3 giant cockroaches
  5 goblins
  3 hobgoblins
  2 quokkas (D:4)
  A ball python (D:4)
  7 bats
  4 frilled lizards
  7 kobolds
  2 rats
82 creatures vanquished.

Notes
Turn   | Place    | Note
-------+----------+-------------------------------------------
     0 | D:1      | suicidejoker the Demonspawn Fighter began the quest for the
                  | Orb.
     0 | D:1      | Reached XP level 1. HP: 18/18 MP: 1/1
   654 | D:2      | Found a snail-covered altar of Cheibriados.
   666 | D:2      | Became a worshipper of Cheibriados the Contemplative
   818 | D:2      | Found a hazy altar of Hepliaklqana.
   853 | D:2      | Gained mutation: You sometimes gain a little power by
                  | taking damage. [demonic ancestry]
   853 | D:2      | Reached XP level 2. HP: 6/24 MP: 2/2
  1574 | D:2      | Found a bloodstained altar of Trog.
  1577 | D:2      | Reached XP level 3. HP: 29/29 MP: 3/3
  1797 | D:3      | Reached skill level 1 in Dodging
  1827 | D:3      | Found a runed gate.
  1891 | D:3      | Reached * piety under Cheibriados
  2117 | D:3      | Noticed Terence
  2120 | D:3      | Killed Terence
  2120 | D:3      | Reached XP level 4. HP: 37/37 MP: 4/4
  2334 | D:3      | Found a runed gate.
  2336 | D:3      | Found a runed gate.
  2338 | D:3      | Noticed Epollo79's ghost (amateur SpAM)
  2338 | D:3      | Noticed clovenhoof's ghost (amateur DrWn)
  2338 | D:3      | Noticed clovenhoof's ghost (amateur MfSk)
  2339 | D:3      | Noticed Tumalu's ghost (amateur CeHu)
  2340 | D:3      | Noticed doricub5's ghost (amateur FoFi)
  2485 | D:4      | Reached skill level 4 in Fighting
  2640 | D:4      | Gained mutation: You have sharp fingernails. [demonic
                  | ancestry]
  2640 | D:4      | Reached XP level 5. HP: 41/42 MP: 5/5
  2643 | D:4      | Reached ** piety under Cheibriados
  2715 | D:4      | Found a blossoming altar of Fedhas.
  2791 | D:4      | Found a glowing drain.
  2866 | D:4      | Noticed an ogre
  3052 | D:4      | Killed an ogre
  3052 | D:4      | Gained mutation: You are slightly more attuned to the
                  | shadows. [demonic ancestry]
  3052 | D:4      | Reached XP level 6. HP: 8/49 MP: 6/6
  3635 | D:5      | Entered Level 5 of the Dungeon
  3658 | D:5      | Reached skill level 5 in Fighting
  3658 | D:5      | Reached skill level 1 in Invocations
  3718 | D:5      | Gained mutation: You are significantly more attuned to the
                  | shadows. [demonic ancestry]
  3718 | D:5      | Reached XP level 7. HP: 56/56 MP: 6/8
  3741 | D:5      | Reached *** piety under Cheibriados
  3764 | D:5      | Found a white marble altar of Elyvilon.
  3810 | D:5      | Killed from afar by an orc priest

Skill      XL: |  1  2  3  4  5  6  7 |
---------------+----------------------+-----
Axes           | 2 3 |  3.3
Dodging        | 1 2 |  2.7
Armour         | 3 |  3.9
Shields        | 3 4 |  4.0
Fighting       | 4 5 |  5.5
Invocations    | 1 2 |  2.7
Stealth        | |  0.8
Evocations     | |  0.8

Action                   |  1- 3 |  4- 6 |  7- 9 || total
-------------------------+-------+-------+-------++-------
Melee: War axe           |    93 |    94 |    18 ||   205
       Unarmed           |       |    15 |       ||    15
  Use: Potion            |     1 |     2 |     1 ||     4
       Scroll            |       |     3 |       ||     3
 Stab: Sleeping          |       |     1 |     1 ||     2
  Eat: Chunk             |     4 |     3 |       ||     7
Armor: Scale mail        |    66 |    39 |     7 ||   112
       Skin              |       |     6 |       ||     6
Dodge: Dodged            |    37 |    36 |     6 ||    79
Block: Shield            |    61 |    47 |    17 ||   125
